 Dungeon Crawl Stone Soup version 0.26-a0-412-ga3d1f51b80 (webtiles) character file.

Game seed: 3149525749316184990

3005 Gargoyl the Fighter (level 9, -8/74 HPs)
             Began as a Gnoll Abyssal Knight on July 24, 2020.
             Was an Elder of Lugonu.
             Mangled by an orc warrior
             ... wielding a +0 battleaxe
              (15 damage)
             ... on level 10 of the Dungeon.
             The game lasted 00:12:56 (7497 turns).

Gargoyl the Fighter (Gnoll Abyssal Knight)          Turns: 7497, Time: 00:12:57

Health: -8/74      AC:  8    Str: 17      XL:     9   Next: 84%
Magic:  14/14      EV: 10    Int: 16      God:    Lugonu [****..]
Gold:   362        SH:  9    Dex: 13 (14) Spells: 17/17 levels left

rFire    . . .     SeeInvis .   a - +4 hand axe
rCold    . . .     Faith    .   b - +0 kite shield
rNeg     + . .     Spirit   .   e - +1 scale mail of Waejuluf {rN+ Regen+ Stlth+} (curse)
rPois    .         Reflect  .   (no helmet)
rElec    .         Harm     +   d - scarf {harm}
rCorr    .                      (no gloves)
MR       .....                  (no boots)
Stlth    ++........             (no amulet)
HPRegen  0.62/turn              (no ring)
MPRegen  0.14/turn              (no ring)

@: mighty, brilliant
A: distributed training, fangs 1, blurry vision 1, deterioration 1, low mp 1,
wild magic 1, strong nose
a: Depart the Abyss, Bend Space, Banish, Corrupt, Renounce Religion


You were on level 10 of the Dungeon.
You worshipped Lugonu.
Lugonu was greatly pleased with you.
You visited 1 branch of the dungeon, and saw 8 of its levels.
You visited the Abyss 1 time.

You collected 362 gold pieces.

Inventory:

Hand Weapons
 a - a +4 hand axe (weapon)
Armour
 b - a +0 kite shield (worn)
 d - a scarf of harm (worn)
 e - the cursed +1 scale mail of Waejuluf (worn) {rN+ Regen+ Stlth+}
   (You found it on level 7 of the Dungeon)

   It protects you from negative energy.
   It increases your rate of regeneration.
   It makes you more stealthy.
   It has a curse placed upon it.
Wands
 y - a wand of random effects (14)
Scrolls
 c - 6 scrolls of teleportation
 j - a scroll of blinking
 l - a scroll of fog
 m - 2 scrolls of identify
 r - 2 scrolls of magic mapping
 s - 2 scrolls of remove curse
 t - 3 scrolls of enchant armour {unknown}
 v - a scroll of vulnerability {unknown}
 z - a scroll of silence {unknown}
Potions
 f - 2 potions of stabbing
 g - a potion of mutation
 h - a potion of magic
 i - 2 potions of brilliance
 k - 2 potions of haste
 n - a potion of curing
 o - 2 potions of might
 p - 3 potions of heal wounds {unknown}
 q - a potion of cancellation {unknown}
 u - a potion of lignification {unknown}
 w - a potion of resistance {unknown}
 x - a potion of degeneration {unknown}


   Skills:
 + Level 8.1 Fighting
 + Level 4.6 Short Blades
 + Level 4.6 Long Blades
 + Level 6.6 Axes
 + Level 4.6 Maces & Flails
 + Level 4.6 Polearms
 + Level 4.6 Staves
 + Level 4.6 Slings
 + Level 4.6 Bows
 + Level 4.6 Crossbows
 + Level 4.6 Throwing
 + Level 6.6 Armour
 + Level 5.3 Dodging
 + Level 4.6 Stealth
 + Level 4.6 Shields
 + Level 4.6 Unarmed Combat
 + Level 4.6 Spellcasting
 + Level 3.8 Conjurations
 + Level 3.8 Hexes
 + Level 3.8 Summonings
 + Level 3.8 Necromancy
 + Level 3.8 Translocations
 + Level 3.8 Transmutations
 + Level 3.8 Fire Magic
 + Level 3.8 Ice Magic
 + Level 3.8 Air Magic
 + Level 3.8 Earth Magic
 + Level 3.8 Poison Magic
 + Level 6.9 Invocations
 + Level 4.6 Evocations


You had 17 spell levels left.
You didn't know any spells.
Your spell library contained the following spells:

 Spells                   Type           Power        Failure   Level
 Animate Skeleton         Necr           ####..       45%         1
 Apportation              Tloc           ####..       45%         1
 Corona                   Hex            ####...      45%         1
 Summon Small Mammal      Summ           ####         45%         1
 Call Imp                 Summ           ####....     58%         2
 Call Canine Familiar     Summ           ####....     80%         3
 Summon Guardian Golem    Hex/Summ       ####....     80%         3
 Summon Ice Beast         Ice/Summ       ####....     99%         4
 Summon Lightning Spire   Summ/Air       ####....     99%         4


Dungeon Overview and Level Annotations

Branches:
Dungeon (7/15)             Temple (0/1) D:6

Altars:
Ashenzari
Fedhas
Makhleb
Trog
Uskayaw
Vehumet
Xom

Shops:
D:5 (

Annotations:
D:6 1 runed translucent door, Crazy Yiuf


Innate Abilities, Weirdness & Mutations

Your experience applies equally to all skills.
You have very sharp teeth.
Your uncanny sense of smell can sniff out nearby items.
Scrolls take you a little longer to read.
Your body sometimes deteriorates upon taking damage.
Your magical capacity is low. (-10% MP)
Your spells are a little harder to cast, but a little more powerful.


Message History

You bite the orc warrior, but do no damage.
The orc warrior is almost dead.
An orc comes into view. It is wielding a -1 club.
The orc warrior hits you with a +0 battleaxe!
* * * LOW HITPOINT WARNING * * *
Your body deteriorates!
You feel clumsy.
You feel better.
It was a potion of magic.
Magic courses through your body.
The orc priest calls down the wrath of Beogh upon you.
Beogh smites you!
* * * LOW HITPOINT WARNING * * *
You block the orc warrior's attack.
Unknown command.
It was a potion of brilliance.
You feel clever all of a sudden. The orc warrior barely misses you.
It was a potion of might.
You feel very mighty all of a sudden.
The orc warrior hits you with a +0 battleaxe!
You die...

#. #.#
#.........
#. #o#
#.########
#. ##.# #.#
# #. #(o#
#.# # #.
#.## #.# #
#. #.# ##.#
####
#.###o#
#..# #...
..##o# #.##
#.## #.##@#
#.# #.#
##.##[# #.#
#.#
##.#.#.#
#.# #.# ###
##.###..#
#.# #.#
#...##.##
##.## #.#
#.# #...##
##.#
#.######.##
####.##
##.##
#.##.....##
##.###.^#
#..........
##.#.#.#
####.######


You could see an orc warrior, an orc priest and 2 orcs.

Vanquished Creatures
  A troll (D:10)
  A hornet (D:10)
  2 ice beasts
  An orc warrior (D:4)
  2 ogres (D:7)
  2 phantoms
  A centaur (D:6)
  Blork the orc (D:6)
  3 bullfrogs (D:6)
  A scorpion (D:6)
  5 killer bees (D:6)
  4 wights (D:10)
  A bullfrog zombie (D:5)
  2 centaur zombies
  A hound (D:4)
  A jelly (D:3)
  2 orc priests (D:6)
  A centaur skeleton (D:7)
  2 bullfrog skeletons (D:5)
  3 orc wizards
  2 iguanas
  Terence (D:3)
  5 worker ants
  2 hound skeletons
  8 adders
  A shadow imp (D:7)
  A white imp (D:7)
  An adder zombie (D:7)
  An ooze (D:7)
  A worm (D:5)
  4 dart slugs
  3 leopard geckos
  13 orcs
  7 giant cockroaches
  5 goblins
  9 hobgoblins
  4 jackals (D:3)
  7 kobolds
  6 quokkas
  3 ball pythons
  10 bats
  6 frilled lizards
  A jackal zombie (D:7)
  A leopard gecko skeleton (D:5)
  4 rats
143 creatures vanquished.

Vanquished Creatures (others)
  A steam dragon (D:7)
1 creature vanquished.

Grand Total: 144 creatures vanquished

Notes
Turn   | Place    | Note
-------+----------+-------------------------------------------
     0 | Abyss:1  | Gargoyl the Gnoll Abyssal Knight began the quest for the
                  | Orb.
     0 | Abyss:1  | Reached XP level 1. HP: 23/23 MP: 3/3
   105 | Abyss:1  | Noticed an ancient zyme
   195 | Abyss:1  | Noticed a sun demon
   196 | D:1      | Escaped the Abyss
   306 | D:1      | Reached XP level 2. HP: 29/29 MP: 5/5
   324 | D:1      | Reached * piety under Lugonu
   581 | D:1      | Reached XP level 3. HP: 35/35 MP: 6/6
   881 | D:2      | Found a faded altar of an unknown god.
   960 | D:2      | Reached skill level 1 in Short Blades
   960 | D:2      | Reached skill level 1 in Long Blades
   960 | D:2      | Reached skill level 1 in Maces & Flails
   960 | D:2      | Reached skill level 1 in Polearms
   960 | D:2      | Reached skill level 1 in Staves
   960 | D:2      | Reached skill level 1 in Slings
   960 | D:2      | Reached skill level 1 in Bows
   960 | D:2      | Reached skill level 1 in Crossbows
   960 | D:2      | Reached skill level 1 in Throwing
   960 | D:2      | Reached skill level 1 in Stealth
   960 | D:2      | Reached skill level 1 in Shields
   960 | D:2      | Reached skill level 1 in Unarmed Combat
   960 | D:2      | Reached skill level 1 in Spellcasting
   960 | D:2      | Reached skill level 1 in Evocations
  1005 | D:2      | Reached XP level 4. HP: 41/41 MP: 7/7
  1168 | D:2      | Found a shimmering altar of Xom.
  1370 | D:2      | Found a blossoming altar of Fedhas.
  1740 | D:3      | Reached ** piety under Lugonu
  1748 | D:3      | Reached skill level 1 in Conjurations
  1748 | D:3      | Reached skill level 1 in Hexes
  1748 | D:3      | Reached skill level 1 in Summonings
  1748 | D:3      | Reached skill level 1 in Necromancy
  1748 | D:3      | Reached skill level 1 in Translocations
  1748 | D:3      | Reached skill level 1 in Transmutations
  1748 | D:3      | Reached skill level 1 in Fire Magic
  1748 | D:3      | Reached skill level 1 in Ice Magic
  1748 | D:3      | Reached skill level 1 in Air Magic
  1748 | D:3      | Reached skill level 1 in Earth Magic
  1748 | D:3      | Reached skill level 1 in Poison Magic
  1904 | D:3      | Found a hide-covered altar of Uskayaw.
  1997 | D:3      | Reached XP level 5. HP: 45/47 MP: 8/8
  2225 | D:3      | Noticed Terence
  2248 | D:3      | Killed Terence
  2739 | D:4      | Noticed an orc warrior
  2746 | D:4      | Killed an orc warrior
  2746 | D:4      | Reached skill level 5 in Axes
  2746 | D:4      | Reached skill level 5 in Armour
  2746 | D:4      | Reached skill level 5 in Invocations
  2746 | D:4      | Reached XP level 6. HP: 38/53 MP: 9/9
  3315 | D:5      | Entered Level 5 of the Dungeon
  3441 | D:5      | Reached XP level 7. HP: 59/59 MP: 10/10
  3896 | D:5      | Got a brightly glowing jade ring
  3900 | D:5      | Reached skill level 7 in Fighting
  3906 | D:5      | Identified the ring of Jobunit {MP+9 Stlth+} (You found it
                  | on level 5 of the Dungeon)
  3917 | D:5      | Found a burning altar of Makhleb.
  3926 | D:5      | Reached *** piety under Lugonu
  4224 | D:5      | Found Xokem's Weapon Shoppe.
  4646 | D:6      | Reached XP level 8. HP: 31/67 MP: 12/12
  4881 | D:6      | Found a staircase to the Ecumenical Temple.
  5179 | D:6      | Found a radiant altar of Vehumet.
  5196 | D:6      | Noticed Blork the orc
  5209 | D:6      | Killed Blork the orc
  5531 | D:6      | Found a bloodstained altar of Trog.
  5682 | D:6      | Found a runed translucent door.
  5683 | D:6      | Noticed Crazy Yiuf
  6069 | D:6      | Gained mutation: Your body sometimes deteriorates upon
                  | taking damage. [potion of mutation]
  6069 | D:6      | Gained mutation: Your magical capacity is low. (-10% MP)
                  | [potion of mutation]
  6069 | D:6      | Gained mutation: Scrolls take you a little longer to read.
                  | [potion of mutation]
  6069 | D:6      | Gained mutation: Your spells are a little harder to cast,
                  | but a little more powerful. [potion of mutation]
  6359 | D:7      | Found a shattered altar of Ashenzari.
  6379 | D:7      | Got a bronze scale mail
  6390 | D:7      | Reached XP level 9. HP: 15/73 MP: 13/13
  6443 | D:7      | Identified the cursed +1 scale mail of Waejuluf {rN+ Regen+
                  | Stlth+} (You found it on level 7 of the Dungeon)
  6955 | D:7      | You fall into a shaft and drop 3 floors!
  6955 | D:10     | Entered Level 10 of the Dungeon
  6955 | D:10     | Found a shimmering altar of Xom.
  6967 | D:10     | Noticed a hornet
  6975 | D:10     | Paralysed by a hornet for 2 turns
  6983 | D:10     | Reached **** piety under Lugonu
  6985 | D:10     | Killed a hornet
  6985 | D:10     | Reached skill level 5 in Dodging
  7200 | D:10     | Noticed a troll
  7216 | D:10     | Killed a troll
  7216 | D:10     | Reached skill level 8 in Fighting
  7497 | D:10     | Mangled by an orc warrior

Illustrated notes

Levels and vault maps discovered:
D:1:      co_arrival_square_in_a_square_in_a_square, layout_loops_ring,
          hex_large
D:2:      layout_loops_ring, fedhas_altar_4, marbit_many_paths,
          chequers_ecumenical_altar_simple
D:3:      layout_loops_ring, lemuel_crystal_altar, guppyfry_early_lair_pool,
          uniq_terence
D:4:      layout_basic
D:5:      layout_cave_pods, bloody_makhleb, serial_shops, nicolae_shop_stone
D:6:      layout_cave_pods, lemuel_coloured_pillars_altar,
          minmay_temple_entry_waves, basic_altar, uniq_crazy_yiuf_cottage,
          uniq_blork_the_orc
D:7:      layout_cave_pools, nicolae_overflow_crystal_walls,
          kennysheep_mini_moat
D:10:     layout_loops_ring, lair_entry_dummy, basic_altar

Skill      XL: |  1  2  3  4  5  6  7  8  9 |
---------------+----------------------------+-----
Short Blades   | 1 2 3 4 |  4.6
Long Blades    | 1 2 3 4 |  4.6
Maces & Flails | 1 2 3 4 |  4.6
Polearms       | 1 2 3 4 |  4.6
Staves         | 1 2 3 4 |  4.6
Slings         | 1 2 3 4 |  4.6
Bows           | 1 2 3 4 |  4.6
Crossbows      | 1 2 3 4 |  4.6
Throwing       | 1 2 3 4 |  4.6
Stealth        | 1 2 3 4 |  4.6
Shields        | 1 2 3 4 |  4.6
Unarmed Combat | 1 2 3 4 |  4.6
Spellcasting   | 1 2 3 4 |  4.6
Evocations     | 1 2 3 4 |  4.6
Conjurations   | 1 2 3 |  3.8
Hexes          | 1 2 3 |  3.8
Summonings     | 1 2 3 |  3.8
Necromancy     | 1 2 3 |  3.8
Translocations | 1 2 3 |  3.8
Transmutations | 1 2 3 |  3.8
Fire Magic     | 1 2 3 |  3.8
Ice Magic      | 1 2 3 |  3.8
Air Magic      | 1 2 3 |  3.8
Earth Magic    | 1 2 3 |  3.8
Poison Magic   | 1 2 3 |  3.8
Dodging        | 3 4 5 |  5.3
Axes           | 5 6 |  6.6
Armour         | 5 6 |  6.6
Invocations    | 5 6 |  6.9
Fighting       | 7 8 |  8.1

Action                   |  1- 3 |  4- 6 |  7- 9 || total
-------------------------+-------+-------+-------++-------
Melee: Hand axe          |    69 |   157 |   310 ||   536
       Bite              |     7 |    10 |    41 ||    58
Invok: Depart the Abyss  |     1 |       |       ||     1
       Banish            |       |       |     1 ||     1
Evoke: Wand              |       |       |     1 ||     1
  Use: Scroll            |     3 |    10 |       ||    13
       Potion            |     1 |       |     8 ||     9
 Stab: Sleeping          |       |       |     2 ||     2
Armor: Chain mail        |    87 |    37 |       ||   124
       Plate armour      |       |    46 |     1 ||    47
       Ice dragon scales |       |       |    98 ||    98
       Scale mail        |       |       |    21 ||    21
Dodge: Dodged            |    50 |    25 |   142 ||   217
Block: Kite shield       |    33 |    55 |   173 ||   261

Table legend: (Time is in decaauts)
 A = Elapsed time spent in this place.
 B = Non-inter-level travel time spent in this place.
 C = Inter-level travel time spent in this place.
 D = Time resting spent in this place.
 E = Time spent auto-exploring this place.
 F = Levels seen in this place.
 G = Mean time per level.
                   A        B        C        D        E       F      G
               +--------+--------+--------+--------+--------+-----+--------+
         Total |   7562 |   7435 |    127 |   1602 |   4147 |   9 |  840.2 |
       Dungeon |   7366 |   7239 |    127 |   1602 |   4005 |   8 |  920.8 |
         Abyss |    196 |    196 |      0 |      0 |    142 |   1 |  196.0 |
               +--------+--------+--------+--------+--------+-----+--------+

Top non-repeatable levels by time:
     D:6: 1803 daAuts
     D:5: 1247 daAuts
     D:4: 894 daAuts
     D:3: 827 daAuts
     D:2: 756 daAuts
     D:1: 672 daAuts
     D:7: 614 daAuts
    D:10: 550 daAuts
 Abyss:1: 196 daAuts
